 Dungeon Crawl Stone Soup version 0.28-a0-1030-g8662a71 (webtiles) character file.

Game seed: 12204301794053948583

46 HDogLeCool the Skirmisher (level 3, 0/29 HPs)
             Began as a Demonspawn Fighter on Dec 7, 2021.
             Slain by a goblin (6 damage)
             ... led by Robin
             ... on level 2 of the Dungeon.
             The game lasted 00:02:15 (1395 turns).

HDogLeCool the Skirmisher (Demonspawn Fighter)      Turns: 1395, Time: 00:02:16

Health: 0/29       AC:  6    Str: 18    XL:     3   Next: 46%
Magic:  3/3        EV:  9    Int:  9    God:
Gold:   104        SH:  4    Dex: 12    Spells: 2/2 levels left

rFire   . . .      SeeInvis .   a - +0 long sword
rCold   . . .      Faith    .   c - +0 buckler
rNeg    . . .      Spirit   .   b - +0 scale mail
rPois   +          Reflect  .   (no helmet)
rElec   .          Harm     .   (no cloak)
rCorr   .          Rampage  .   (no gloves)
Will    .....                   (no boots)
Stlth   ..........              (no amulet)
HPRegen 0.09/turn               j - ring of poison resistance
MPRegen 0.08/turn               l - ring of flight

@: mighty, flying
A: demonic touch 1
a: no special abilities


You were on level 2 of the Dungeon.
You visited 1 branch of the dungeon, and saw 2 of its levels.

You collected 104 gold pieces.

Inventory:

Hand Weapons
 a - a +0 long sword (weapon)
Missiles
 k - 13 poisoned darts (quivered)
Armour
 b - a +0 scale mail (worn)
 c - a +0 buckler (worn)
Jewellery
 j - a ring of poison resistance (left hand)
 l - a ring of flight (right hand)
Scrolls
 g - 2 scrolls of identify {unknown}
 h - a scroll of noise {unknown}
 i - a scroll of amnesia {unknown}
Potions
 e - a potion of heal wounds {unknown}
 f - a potion of resistance {unknown}


   Skills:
 + Level 3.3 Fighting
 * Level 2.6 Long Blades
 - Level 2.6 Armour
 * Level 3.3 Shields


You had 2 spell levels left.
You didn't know any spells.
Your spell library contained the following spells:

 Spells                   Type           Power      Damage    Failure   Level
 Magic Dart               Conj           0%         1d3       80%         1
 Searing Ray              Conj           0%         2d4       91%         2
 Fulminant Prism          Conj/Hex       0%         3d6       100%        4


Dungeon Overview and Level Annotations

Branches:
Dungeon (2/15)

Altars:

Annotations:
D:2 Robin


Innate Abilities, Weirdness & Mutations

Your touch may inflict minor irresistible damage on your foes.


Message History

The goblin hits you with a +0 dagger.
You closely miss the goblin.
The goblin is heavily wounded.
The goblin hits you but does no damage.
You closely miss the goblin.
The goblin is heavily wounded.
The goblin hits you but does no damage.
You barely miss the goblin.
The goblin is heavily wounded.
The goblin closely misses you.
A kobold comes into view. It is wielding a +0 dagger.
A goblin comes into view. It is wielding a +0 dagger.
You barely miss the goblin.
The goblin is heavily wounded.
The goblin shouts!
The kobold shouts!
You hear a shout!
The goblin hits you but does no damage. You block the goblin's attack.
You hit the goblin.
You kill the goblin!
The hobgoblin hits you.
You slash the hobgoblin!
You kill the hobgoblin!
The goblin shoots a stone.
The stone hits you.
You slash the hobgoblin!
You kill the hobgoblin!
Robin roars a battlecry!
The goblins go into a battle-frenzy!
The goblin shoots a stone.
The stone hits you.
A goblin comes into view. It is wielding a +0 club.
The goblin shouts!
The goblin hits you with a +0 club.
The goblin unwields a +0 hunting sling.
The goblin wields a +0 dagger.
You block the goblin's attack.
You see here a +0 dagger.
You slice the goblin!!
You kill the goblin!
The goblin hits you with a +0 club. Robin throws the goblin at you!
* * * LOW HITPOINT WARNING * * *
You slash the goblin!
You kill the goblin!
The goblin barely misses you. The goblin hits you with a +0 club.
You die...

#.##.# ..._... #.##.#
..8.8.8 #.##.# #.....
#.##.# 8.8[g #....#
#..g♣♣♣♣♣♣..##
.gK.......##
#.###g♣♣♣♣♣♣.#
#....g@).>...##########
#########.#.#...>......
#.#............
#.###..P..#####
#.#..P.♣...##
#.#..P.♣♣.P.#
#.#.....P♣.P##
#........♣...##
#......P♣♣P....


You could see Robin, 4 goblins and a kobold.

Vanquished Creatures
  2 dart slugs
  3 ball pythons
  2 endoplasms
  3 giant cockroaches
  9 goblins
  5 hobgoblins
  4 quokkas
  2 bats (D:2)
  2 frilled lizards
  2 kobolds
  5 rats
39 creatures vanquished.

Vanquished Creatures (others)
  5 plants (D:2)
5 creatures vanquished.

Grand Total: 44 creatures vanquished

Notes
Turn   | Place    | Note
-------+----------+-------------------------------------------
     0 | D:1      | HDogLeCool the Demonspawn Fighter began the quest for the
                  | Orb.
     0 | D:1      | Reached XP level 1. HP: 18/18 MP: 1/1
   378 | D:1      | Gained mutation: Your touch may inflict minor irresistible
                  | damage on your foes. [demonic ancestry]
   378 | D:1      | Reached XP level 2. HP: 21/24 MP: 2/2
  1065 | D:2      | Reached XP level 3. HP: 25/29 MP: 3/3
  1378 | D:2      | Found a faded altar of an unknown god.
  1378 | D:2      | Noticed Robin
  1395 | D:2      | Slain by a goblin

Illustrated notes

Levels and vault maps discovered:
D:1:      dpeg_arrival_arbitrary_c, layout_loops_ring
D:2:      layout_basic, ebering_ecumenical_altar_ruins, serial_forest,
          infiniplex_forest_straight_2, infiniplex_forest_fountain,
          infiniplex_forest_clump_C, infiniplex_forest_clump_small,
          infiniplex_forest_lined_2, infiniplex_forest_clump_curved,
          infiniplex_forest_clump_diagonal, infiniplex_forest_end_3,
          uniq_crazy_yiuf_cottage, uniq_robin

Skill      XL: |  1  2 |
---------------+-------+-----
Long Blades    | 2 |  2.6
Shields        | 3 |  3.3
Fighting       | |  3.3
Armour         | |  2.6

Action                   || total
-------------------------++-------
Melee: Long sword        ||   111
  Use: Potion            ||     1
Armor: Scale mail        ||    55
Dodge: Dodged            ||    41
Block: Buckler           ||    24

Table legend: (Time is in decaauts)
 A = Elapsed time spent in this place.
 B = Non-inter-level travel time spent in this place.
 C = Inter-level travel time spent in this place.
 D = Time resting spent in this place.
 E = Time spent auto-exploring this place.
 F = Levels seen in this place.
 G = Mean time per level.
                   A        B        C        D        E       F      G
               +--------+--------+--------+--------+--------+-----+--------+
         Total |   1428 |   1403 |     25 |    102 |   1035 |   2 |  714.0 |
       Dungeon |   1428 |   1403 |     25 |    102 |   1035 |   2 |  714.0 |
               +--------+--------+--------+--------+--------+-----+--------+

Top non-repeatable levels by time:
     D:1: 880 daAuts
     D:2: 547 daAuts
